 Dungeon Crawl Stone Soup version 0.23-a0-837-ga3e6480 (console) character file.

192 bli the Slasher (level 6, -4/47 HPs)
             Began as a Formicid Abyssal Knight on Jan 24, 2019.
             Was a Believer of Lugonu.
             Slain by a worm (9 damage)
             ... on level 3 of the Dungeon.
             The game lasted 00:07:03 (1864 turns).

bli the Slasher (Formicid Abyssal Knight)           Turns: 1864, Time: 00:07:04

Health: -4/47      AC:  3    Str: 17    XL:     6   Next: 2%
Magic:  7/7        EV: 11    Int: 11    God:    Lugonu [**....]
Gold:   80         SH:  0    Dex: 12    Spells: 5/5 levels left

rFire    . . .     SeeInvis +   a - +1 falchion
rCold    . . .     Gourm    +   (no shield)
rNeg     . . .     Faith    .   b - +0 leather armour
rPois    .         Spirit   .   (helmet unavailable)
rElec    .         Reflect  .   (no cloak)
rCorr    .         Harm     .   (no gloves)
MR       .....                  (no boots)
Stlth    ..........             n - amulet of the gourmand
HPRegen  0.15/turn              h - ring of attention (curse)
MPRegen  0.10/turn              (no ring)

@: no status effects
A: permanent stasis, dig shafts and tunnels, four strong arms, antennae 3
a: Dig, Shaft Self, Depart the Abyss, Bend Space, Renounce Religion


You were on level 3 of the Dungeon.
You worshipped Lugonu.
Lugonu was pleased with you.
You were not hungry.

You visited 1 branch of the dungeon, and saw 3 of its levels.
You visited the Abyss 1 time.

You collected 80 gold pieces.

Inventory:

Hand Weapons
 a - a +1 falchion (weapon)
 e - a +0 antimagic short sword
Missiles
 i - 50 stones (quivered)
Armour
 b - a +0 leather armour (worn)
 d - a +0 chain mail
Jewellery
 h - a cursed ring of attention (left hand)
 n - an amulet of the gourmand (around neck)
Scrolls
 j - a scroll of random uselessness {unknown}
 k - 3 scrolls of identify {unknown}
 l - a scroll of magic mapping {unknown}
 q - a scroll of teleportation {unknown}
Potions
 g - a potion of mutation {unknown}
 m - a potion of flight {unknown}
 o - a potion of lignification {unknown}
 p - a potion of curing {unknown}
 r - a potion of heal wounds {unknown}
Comestibles
 c - 9 rations
 f - 7 chunks of flesh


   Skills:
 + Level 3.2 Fighting
 * Level 5.7 Long Blades
 + Level 2.1 Armour
 - Level 0.8 Dodging
 - Level 2.1 Invocations


You had 5 spell levels left.
You didn't know any spells.
Your spell library was empty.

Dungeon Overview and Level Annotations

Branches:
Dungeon (3/15)

Altars:
Elyvilon
Okawaru


Innate Abilities, Weirdness & Mutations

You cannot be hasted, slowed, berserked, paralysed or teleported.
You can dig through walls and to a lower floor.
Your four strong arms can wield two-handed weapons with a shield.
You have a pair of large antennae on your head. (SInv)


Message History

Increase (S)trength, (I)ntelligence, or (D)exterity?
You feel agile.
You see here a +0 giant club.
A worm comes into view.
You see here 4 gold pieces.
You now have 80 gold pieces (gained 4).
You hit the worm.
The worm is moderately wounded.
The worm bites you!
* * * LOW HITPOINT WARNING * * *
You hit the worm.
The worm is moderately wounded.
The worm closely misses you.
You riposte.
You hit the worm.
The worm is heavily wounded.
You hit the worm but do no damage.
The worm is heavily wounded.
You hit the worm.
The worm is severely wounded.
The worm bites you!
You die...

........#.⌠.⌠.#.#
................#
#......#)....#.#
#........_....#
#####.#.....#.#+
###+######...........
#..........#.⌠.⌠.#...
#....................
####.......)..#.....#...
#..........##...........
#......@...+............
#...[.w....####.........
#..........# #.........
...........# #.........
...###.....# #........>
.. ####### ........ .
....... ....##. ### #.


You could see a worm.

Vanquished Creatures
  An ogre (D:3)
  3 adders (D:2)
  2 oozes
  2 dart slugs
  2 leopard geckos
  A ball python (D:2)
  4 bats
  A giant cockroach (D:3)
  10 hobgoblins
  7 jackals
  3 quokkas (D:3)
  7 frilled lizards
  5 goblins
  8 kobolds
  10 rats
66 creatures vanquished.

Notes
Turn   | Place    | Note
-------+----------+-------------------------------------------
     0 | Abyss:1  | bli the Formicid Abyssal Knight began the quest for the
                  | Orb.
     0 | Abyss:1  | Reached XP level 1. HP: 18/18 MP: 2/2
    57 | Abyss:1  | Noticed a starcursed mass
   107 | D:1      | Escaped the Abyss
   316 | D:1      | Reached XP level 2. HP: 18/24 MP: 3/3
   417 | D:1      | Reached * piety under Lugonu
   462 | D:1      | Reached skill level 3 in Long Blades
   518 | D:1      | Reached XP level 3. HP: 29/29 MP: 4/4
  1110 | D:2      | Reached skill level 4 in Long Blades
  1110 | D:2      | Reached XP level 4. HP: 31/35 MP: 5/5
  1141 | D:2      | Reached ** piety under Lugonu
  1200 | D:2      | Found an iron altar of Okawaru.
  1800 | D:3      | Reached XP level 5. HP: 33/41 MP: 6/6
  1819 | D:3      | Found a white marble altar of Elyvilon.
  1841 | D:3      | Noticed an ogre
  1852 | D:3      | Killed an ogre
  1852 | D:3      | Reached skill level 5 in Long Blades
  1852 | D:3      | Reached XP level 6. HP: 13/47 MP: 7/7
  1864 | D:3      | Slain by a worm

Vault maps used:
D:1:      giann_horns
D:2:      first_ration, okawaru_ov_weapons_minmay
D:3:      elyvilon_altar_5, xom_butterflies

Skill      XL: |  1  2  3  4  5 |
---------------+----------------+-----
Long Blades    | 3 4 5 |  5.7
Fighting       | |  3.2
Armour         | |  2.1
Dodging        | |  0.8
Invocations    | |  2.1

Action                   |  1- 3 |  4- 6 || total
-------------------------+-------+-------++-------
Melee: Falchion          |    73 |    93 ||   166
Invok: Depart the Abyss  |     1 |       ||     1
 Abil: Dig               |       |     2 ||     2
  Eat: Chunk             |     1 |     7 ||     8
Armor: Leather armour    |    27 |    26 ||    53
Dodge: Dodged            |    66 |    63 ||   129
       Rpst.: Falchion   |    22 |    14 ||    36

Table legend:
 A = Non-vault XP
 B = Vault XP
 C = Vault XP percentage of total XP
 D = Non-vault monster count
 E = Vault monster count
 F = Vault count percentage of total count
                 A         B        C        D         E       F
            +---------+---------+-------+---------+---------+-------
      Total |     275 |       0 |   0.0 |      66 |       0 |   0.0
            +---------+---------+-------+---------+---------+-------
        D:1 |      42 |       0 |   0.0 |      25 |       0 |   0.0
        D:2 |      81 |       0 |   0.0 |      28 |       0 |   0.0
        D:3 |     152 |       0 |   0.0 |      13 |       0 |   0.0
            +---------+---------+-------+---------+---------+-------
